 Dungeon Crawl Stone Soup version 0.30.0-29-ga12c61a403 (webtiles) character file.

Game seed: 16600386927579959608

16 cdecastro the Caller (level 2, -1/19 HPs)
             Began as a Merfolk Summoner on June 23, 2023.
             Slain by an adder (4 damage)
             ... on level 2 of the Dungeon.
             The game lasted 00:02:04 (1470 turns).

cdecastro the Caller (Merfolk Summoner)             Turns: 1470, Time: 00:02:04

Health: -1/19      AC:  2    Str:  8    XL:     2   Next: 54%
Magic:  3/5        EV: 12    Int: 14    God:
Gold:   110        SH:  0    Dex: 14    Spells: 4/5 levels left

rFire   . . .        g - +0 rapier
rCold   . . .        (no shield)
rNeg    . . .        a - +0 robe
rPois   .            (no helmet)
rElec   .            (no cloak)
rCorr   .            (no gloves)
SInv    .            (no boots)
Will    .....        (no amulet)
Stlth   ++           (no ring)
HPRegen 0.23/turn    (no ring)
MPRegen 0.09/turn

%: no passive effects
@: lethally poisoned (-1 -> -2)
A: (nimble swimmer 2), mertail
a: no special abilities


You were on level 2 of the Dungeon.
You visited 1 branch of the dungeon, and saw 2 of its levels.

You collected 110 gold pieces.

Inventory:

Hand Weapons
 d - a +0 long sword
 g - a +0 rapier (weapon)
 j - a +0 dagger
Armour
 a - a +0 robe (worn)
 f - a +2 helmet
Jewellery
 i - a ring of flight
Scrolls
 c - a scroll of noise {unknown}
 e - a scroll of blinking {unknown}
Potions
 b - a potion of magic
 h - a potion of curing {unknown}
 k - a potion of might {unknown}


   Skills:
 - Level 2.6 Dodging
 - Level 2.1 Stealth
 - Level 2.0 Spellcasting
 + Level 4.6 Summonings


You had 4 spell levels left.
You knew the following spells:

 Your Spells              Type           Power      Damage    Failure   Level
a - Summon Small Mammal   Summ           56%        N/A       3%          1

Your spell library contained the following spells:

 Spells                   Type           Power      Damage    Failure   Level
 Call Imp                 Summ           28%        N/A       5%          2
 Call Canine Familiar     Summ           14%        N/A       11%         3
 Summon Guardian Golem    Hex/Summ       7%         N/A       26%         3
 Summon Lightning Spire   Summ/Air       7%         N/A       65%         4


Dungeon Overview and Level Annotations

Branches:
Dungeon (2/15)

Altars:


Innate Abilities, Weirdness & Mutations

((You are very nimble when in or above water. (Stealth+, EV+, Speed+++)))
Your lower body shifts to a powerful aquatic tail in water.


Message History

Casting: Summon Small Mammal (safe; 3% risk of failure)
Press: ? - help, Q - select action Dir - look around, f - activate The adder bites you but does no damage.
Unknown command.
Casting: Summon Small Mammal (safe; 3% risk of failure)
Press: ? - help, Q - select action Dir - look around, f - activate The adder bites you.
Unknown command.
You miss the adder. The adder closely misses you.
Your quokka bites the adder.
The adder closely misses you.
Unknown command.
You barely miss the adder.
Your quokka barely misses the adder.
The adder bites you.
Your rat barely misses the adder.
Your quokka completely misses the adder.
Unknown command.
You hit the adder.
The adder is lightly wounded.
The adder completely misses you.
Your rat bites the adder.
Your quokka barely misses the adder.
The adder bites you.
You are poisoned.
The adder poisons you!
Unknown command.
You barely miss the adder.
The adder is moderately wounded.
You feel sick.
Your quokka misses the adder. The adder bites you.
* * * LOW HITPOINT WARNING * * *
Your rat misses the adder.
Unknown command.
You hit the adder but do no damage.
The adder is moderately wounded.
You feel sick.
Your quokka closely misses the adder.
The adder bites you.
* * * LOW HITPOINT WARNING * * *
Your rat bites the adder.
Your quokka misses the adder. The adder barely misses you.
Your rat misses the adder.
Unknown command.
You barely miss the adder.
The adder is heavily wounded.
* * * LOW HITPOINT WARNING * * *
You feel sick. The adder bites you.
You die...

#.## .)# #.# ...# #.#
###...# # #.# #..? .
....###.#######.##.# #
#.............^..#.##.#
..#.####.##.##.........
#.##.##.Sr..#..#
#..#.###@r.....# ##.#.#
##.#..... .#.. .# #.##
.### .# .. .# .. # ..
... ...


You could see an adder (ally target), a friendly quokka (summoned) and a
friendly rat (summoned).

Vanquished Creatures
  A ball python (D:1)
  A bat (D:1)
  2 giant cockroaches
  2 hobgoblins (D:1)
  A quokka (D:1)
  A frilled lizard (D:1)
  2 rats
10 creatures vanquished.

Vanquished Creatures (collateral kills)
  A ball python (D:1)
  A goblin (D:1)
  3 rats (D:1)
5 creatures vanquished.

Grand Total: 15 creatures vanquished

Notes
Turn   | Place    | Note
-------+----------+-------------------------------------------
     0 | D:1      | cdecastro the Merfolk Summoner began the quest for the Orb.
     0 | D:1      | Reached XP level 1. HP: 13/13 MP: 3/3
   535 | D:1      | Reached XP level 2. HP: 17/19 MP: 1/5
  1470 | D:2      | Slain by an adder

Illustrated notes

Levels and vault maps discovered:
D:1:      ldierk_walled_garden_2, layout_loops_corners,
          chequers_decorated_corner, minmay_liquid_box
D:2:      layout_loops_cross, serial_shops, shop, minmay_between

Action                     || total
---------------------------++-------
  Melee: Long sword        ||    11
         Unarmed           ||     6
         Rapier            ||    26
   Cast: Summon Small Mamm ||    25
   Stab: Sleeping          ||     2
         Distracted        ||     1
 Armour: Robe              ||     8
  Dodge: Dodged            ||    62
